 Dungeon Crawl Stone Soup version 0.28-a0-1152-g9c71ebef14 (webtiles) character file.

Game seed: 14917900888552286674

854 spaghetti the Fighter (level 7, -3/63 HPs)
             Began as a Mummy Delver on Dec 14, 2021.
             Slain by a water moccasin (8 damage)
             ... on level 6 of the Dungeon.
             The game lasted 00:07:02 (4117 turns).

spaghetti the Fighter (Mummy Delver)                Turns: 4117, Time: 00:07:03

Health: -3/63      AC:  7    Str: 18    XL:     7   Next: 70%
Magic:  7/7        EV: 11    Int:  9    God:
Gold:   170        SH:  0    Dex: 13    Spells: 6/6 levels left

rFire   x . .      SeeInvis .   g - +1 glaive (vamp) {polearm}
rCold   + . .      Faith    .   (shield currently unavailable)
rNeg    + + +      Spirit   .   b - +0 leather armour rPois āˆž Reflect .
                                (no helmet)
rElec   .          Harm     .   (no cloak)
rCorr   .          Rampage  .   (no gloves)
Will    .....                   (no boots)
Stlth   ++........              (no amulet)
HPRegen 0.20/turn               d - +4 ring of protection
MPRegen 0.10/turn               (no ring)

@: no status effects
A: cold resistance 1, negative energy resistance 3, torment resistance 2, heat
vulnerability 1, no potions
a: no special abilities


You were on level 6 of the Dungeon.
You visited 1 branch of the dungeon, and saw 6 of its levels.

You collected 170 gold pieces.


Innate Abilities, Weirdness & Mutations

You are immune to poison.
Your flesh is cold resistant. (rC+)
You are immune to negative energy. (rN+++)
You are immune to unholy pain and torment.
You are vulnerable to heat. (rF-)
You do not drink.


   Skills:
 + Level 8.3 Fighting
 - Level 1.5 Long Blades
 - Level 0.1 Polearms
 + Level 3.1 Throwing
 - Level 1.5 Dodging
 - Level 4.1 Stealth


You had 6 spell levels left.
You didn't know any spells.
Your spell library contained the following spells:

 Spells                   Type           Power      Damage    Failure   Level
 Pain                     Necr           0%         1d4       43%         1
 Portal Projectile        Hex/Tloc       0%         N/A       82%         3
 Agony                    Necr           0%         N/A       100%        5
 Excruciating Wounds      Necr           0%         N/A       100%        5
 Blade Hands              Tmut           Unusable   N/A       N/A         5

Inventory:

Hand Weapons
 a - a +0 falchion {long}
 g - a +1 vampiric glaive (weapon) {polearm}
   (You took it off Blork the orc on level 4 of the Dungeon)
Missiles
 h - 9 javelins {throwing}
 l - 26 arrows
 m - 17 sling bullets
 n - 21 bolts
 o - 51 stones {throwing}
 q - 2 poisoned darts {throwing}
 t - 2 datura-tipped darts {throwing}
 u - 3 boomerangs (quivered) {throwing}
Armour
 b - a +0 leather armour (worn)
 i - a +0 robe
   (You took it off Blork the orc on level 4 of the Dungeon)
Magical Staves
 k - a staff of cold {!astaff}
   (You found it on level 4 of the Dungeon)
Jewellery
 d - a +4 ring of protection (left hand)
   (You found it on level 4 of the Dungeon)
 j - a ring of protection from cold
   (You took it off an orc on level 4 of the Dungeon)
 r - an amulet of magic regeneration {@e2}
   (You found it on level 3 of the Dungeon)
Wands
 e - a wand of flame (30)
   (You found it on level 3 of the Dungeon)
 f - a wand of digging (3)
Scrolls
 c - a scroll of fog
 p - a scroll of identify {@r1}

Dungeon Overview and Level Annotations

Branches:
Dungeon (6/15)
 Temple: D:4-7

Altars:

Shops:
D:4 (

Annotations:
D:4 2 runed translucent doors, ThrustWizard's ghost, novice DsBe

##### #.... .....##
.......## ..āŒ ..P..#
....Pā‰ˆP.# ### #.
.....ā‰ˆP.### #.. ..
#..P.@..# #.# ###.
#+..Sh..#####.# ..(.#
##(.....)).#.#
....###......###.#.#######
#..#.......# #..........
##.....##.### ###.######.
##....#.##.# #<#
##.....#.##.# #)#
#?.......##.# #.#


You could see a water moccasin and a howler monkey.


Message History

* * * LOW HITPOINT WARNING * * *
The howler monkey hits you.
* * * LOW HITPOINT WARNING * * *
The water moccasin misses you.
The howler monkey barely misses you. šŸ˜Ø HP[-2]
You take 2 damage, and now have 30/63 hp.
Unknown command.
Unknown command.
You closely miss the water moccasin. The water moccasin barely misses you.
The howler monkey hits you but does no damage.
The water moccasin bites you.
* * * LOW HITPOINT WARNING * * *
The howler monkey hits you.
* * * LOW HITPOINT WARNING * * *
šŸ˜Ø HP[-7]
You take 7 damage, and now have 23/63 hp.
Unknown command.
Unknown command.
The water moccasin bites you but does no damage. šŸ˜Ø HP[+1]
The howler monkey hoots and howls with incredible vigour!
You barely miss the water moccasin. The water moccasin bites you.
* * * LOW HITPOINT WARNING * * *
The water moccasin barely misses you. The howler monkey hits you.
* * * LOW HITPOINT WARNING * * *
The water moccasin bites you but does no damage. šŸ˜Ø HP[-8]
You take 8 damage, and now have 16/63 hp.
Unknown command.
Unknown command.
Reach: g) +1 glaive (vamp) {polearm}
Press: ? - help, Dir - move target, f/p - howler monkey
Aim: a howler monkey (about 48% to evade your +1 vampiric glaive)
Okay, then.
You can't drink.
Okay, then.
Unknown command.
Okay, then.
Okay, then.
Unknown command.
Okay, then.
Really read
s - a scroll of blinking {!r}?
Blink to where?
Press: ? - help, Dir - move target, p - howler monkey
As you read the scroll of blinking {!r}, it crumbles to dust.
Throw: 3 boomerangs {throwing}
Press: ? - help, Q - select action, (/) - cycle Shift-Dir - straight line, f - water moccasin
Aim: a water moccasin (heavily wounded, 46% to hit)
You throw a boomerang {throwing}.
The boomerang {throwing} hits the water moccasin. šŸ˜Ø HP[+1] Throw: 3 boomerangs {throwing}
Press: ? - help, Q - select action, (/) - cycle Shift-Dir - straight line, f/p - water moccasin
Aim: a water moccasin (heavily wounded, 46% to hit)
You throw a boomerang {throwing}.
The boomerang {throwing} hits the water moccasin but does no damage.
The howler monkey hoots and howls with incredible vigour!
Okay, then.
Okay, then.
Throw: 3 darts (datura) {throwing}
Press: ? - help, Shift-Dir - straight line, f/p - water moccasin
Aim: a water moccasin (heavily wounded, 46% to hit, chance to frenzy on hit: 63%)
You throw a datura-tipped dart {throwing}.
The datura-tipped dart {throwing} hits the water moccasin!
The water moccasin resists.
The howler monkey hoots and howls with incredible vigour!
You miss the water moccasin. The water moccasin misses you.
The water moccasin bites you.
* * * LOW HITPOINT WARNING * * *
šŸ˜± HP[-4]
You take 4 damage, and now have 13/63 hp.
Unknown command.
Unknown command.
Okay, then.
Okay, then.
You can't drink.
Okay, then.
You miss the water moccasin. The water moccasin closely misses you.
The water moccasin barely misses you. šŸ˜± HP[+1] Unknown command.
Unknown command.
Unknown command.
Okay, then.
Okay, then.
You can't drink.
You barely miss the water moccasin. The water moccasin bites you.
* * * LOW HITPOINT WARNING * * *
The water moccasin bites you but does no damage.
The water moccasin bites you.
* * * LOW HITPOINT WARNING * * *
The howler monkey hits you.
* * * LOW HITPOINT WARNING * * *
šŸ˜± HP[-9]
You take 9 damage, and now have 5/63 hp.
Unknown command.
Unknown command.
Unknown command.
You closely miss the howler monkey. The water moccasin bites you!
You die...

Skill      XL: |  1  2  3  4  5  6  7 |
---------------+----------------------+-----
Fighting       | 4 5 6 7 8 |  8.3
Throwing       | 1 3 |  3.1
Long Blades    | |  1.5
Polearms       | |  0.1
Dodging        | |  1.5
Stealth        | |  4.1

Action                   |  1- 3 |  4- 6 |  7- 9 || total
-------------------------+-------+-------+-------++-------
Melee: Falchion          |    57 |       |       ||    57
       Glaive            |       |   182 |    49 ||   231
Throw: Javelin           |    12 |       |       ||    12
       Throwing net      |       |     3 |       ||     3
       Boomerang         |       |       |     2 ||     2
       Dart              |       |       |     1 ||     1
  Use: Scroll            |     3 |     5 |     1 ||     9
 Stab: Sleeping          |     1 |     6 |     2 ||     9
       Distracted        |       |     6 |       ||     6
       Held in net/web   |       |     1 |       ||     1
Armor: Leather armour    |    20 |    85 |    23 ||   128
Dodge: Dodged            |    41 |   156 |    53 ||   250

Levels and vault maps discovered:
D:1:      minmay_arrival_shoal_huts, layout_basic, minmay_pentomino_v2
D:2:      minmay_chambers_of_ones, layout_basic, minivault_26,
          minmay_misc_feat_rows, minmay_lizard_king, uniq_terence
D:3:      layout_rooms
D:4:      layout_basic, ebering_ghost_sewer_f, serial_shops,
          nicolae_lakefront_shop, uniq_blork_the_orc
D:5:      layout_rooms
D:6:      layout_loops_ring, tso_oasis_becter

Notes
Turn   | Place    | Note
-------+----------+-------------------------------------------
     0 | D:5      | spaghetti the Mummy Delver began the quest for the Orb.
     0 | D:5      | Reached XP level 1. HP: 18/18 MP: 1/1
     0 | D:5      | magus.rc [v1.9.6]
   105 | D:4      | Reached XP level 2. HP: 22/24 MP: 2/2
   286 | D:4      | Reached skill level 4 in Fighting
   367 | D:4      | Reached XP level 3. HP: 26/31 MP: 3/3
   554 | D:4      | Found a runed translucent door.
   555 | D:4      | Noticed a bullfrog
   556 | D:4      | Noticed ThrustWizard's ghost (novice DsBe)
   722 | D:5      | Noticed an ogre
   769 | D:4      | Found a runed translucent door.
   908 | D:4      | Noticed Blork the orc
   931 | D:4      | HP: 6/31 [Blork the orc/puff of flame (6)]
   940 | D:4      | Killed Blork the orc
   941 | D:4      | Reached skill level 5 in Fighting
   941 | D:4      | Reached skill level 1 in Throwing
   941 | D:4      | Reached XP level 4. HP: 9/39 MP: 4/4
  1242 | D:4      | You pick up a book of Weapons and begin reading...
  1242 | D:4      | You add the spells Portal Projectile and Excruciating
                  | Wounds to your library.
  1394 | D:4      | Found Fagur Foas's Antique Weapon Emporium.
  1511 | D:2      | Reached XP level 5. HP: 44/44 MP: 5/5
  1711 | D:2      | Noticed Terence
  1804 | D:3      | HP: 11/44 [adder (3)]
  1822 | D:3      | Killed Terence
  2493 | D:3      | You pick up a book of Pain and begin reading...
  2493 | D:3      | You add the spells Pain and Agony to your library.
  2519 | D:3      | Reached skill level 6 in Fighting
  2728 | D:3      | Reached XP level 6. HP: 45/52 MP: 6/6
  3036 | D:5      | Reached skill level 7 in Fighting
  3388 | D:5      | Reached XP level 7. HP: 59/60 MP: 7/7
  3653 | D:5      | Reached skill level 2 in Throwing
  3760 | D:5      | Reached skill level 8 in Fighting
  4013 | D:6      | Reached skill level 3 in Throwing
  4114 | D:6      | HP: 13/63 [water moccasin (4)]
  4116 | D:6      | HP: 5/63 [howler monkey (4)]
  4117 | D:6      | Slain by a water moccasin

Vanquished Creatures
  2 ogres
  A phantom (D:5)
  Blork the orc (D:4)
  A gnoll sergeant (D:6)
  A scorpion (D:5)
  A water moccasin skeleton (D:5)
  2 hounds (D:5)
  A jelly (D:5)
  Terence (D:3)
  13 gnolls
  9 adders
  An ufetubus (D:5)
  3 worms
  2 dart slugs (D:2)
  7 orcs
  7 ball pythons
  4 endoplasms
  3 hobgoblins
  6 jackals (D:4)
  4 quokkas
  2 bats
  A frilled lizard (D:2)
  A goblin (D:3)
  3 kobolds
  A rat (D:2)
78 creatures vanquished.

Table legend:
 A = Non-vault XP
 B = Vault XP
 C = Vault XP percentage of total XP
 D = Non-vault monster count
 E = Vault monster count
 F = Vault count percentage of total count
                 A         B        C        D         E       F
            +---------+---------+-------+---------+---------+-------
      Total |    1097 |     123 |  10.1 |      76 |       2 |   2.6
            +---------+---------+-------+---------+---------+-------
        D:2 |      50 |       0 |   0.0 |      13 |       0 |   0.0
        D:3 |      96 |      32 |  25.0 |      19 |       1 |   5.0
        D:4 |     114 |      91 |  44.4 |      20 |       1 |   4.8
        D:5 |     594 |       0 |   0.0 |      18 |       0 |   0.0
        D:6 |     243 |       0 |   0.0 |       6 |       0 |   0.0
            +---------+---------+-------+---------+---------+-------

Illustrated notes

Table legend:
 A = Kills in this place as a percentage of kills in entire the game.
 B = Kills by you in this place as a percentage of kills by you in the entire game.
 C = Kills by friends in this place as a percentage of kills by friends in the entire game.
 D = Other kills in this place as a percentage of other kills in the entire game.
 E = Experience gained in this place as a percentage of experience gained in the entire game.
 F = Experience gained in this place divided by the number of levels of this place that you have seen.
                   A       B       C       D       E      F
               +-------+-------+-------+-------+-------+----------------------
         Total | 100.0 | 100.0 |   N/A |   N/A | 100.0 | 203.3
       Dungeon | 100.0 | 100.0 |   N/A |   N/A | 100.0 | 203.3
               +-------+-------+-------+-------+-------+----------------------

Table legend: (Time is in decaauts)
 A = Elapsed time spent in this place.
 B = Non-inter-level travel time spent in this place.
 C = Inter-level travel time spent in this place.
 D = Time resting spent in this place.
 E = Time spent auto-exploring this place.
 F = Levels seen in this place.
 G = Mean time per level.
                   A        B        C        D        E       F      G
               +--------+--------+--------+--------+--------+-----+--------+
         Total |   4298 |   4107 |    191 |    790 |   2408 |   6 |  716.3 |
       Dungeon |   4298 |   4107 |    191 |    790 |   2408 |   6 |  716.3 |
               +--------+--------+--------+--------+--------+-----+--------+

Top non-repeatable levels by time:
     D:4: 1688 daAuts
     D:5: 1109 daAuts
     D:3: 987 daAuts
     D:2: 285 daAuts
     D:6: 164 daAuts
     D:1: 62 daAuts
